 Dungeon Crawl Stone Soup version 0.14-a0-2061-g6c6fb9c (webtiles) character file.

80 M4edhros the Vandal (level 4, 0/28 HPs)
             Began as an Octopode Arcane Marksman on Jan 22, 2014.
             Slain by temujin's ghost (3 damage)
             ... on Level 4 of the Dungeon.
             The game lasted 00:02:28 (694 turns).

M4edhros the Vandal (Octopode Arcane Marksman)       Turns: 694, Time: 00:02:28

HP   0/28        AC  1     Str 10      XL: 4   Next:  0%
MP   5/5         EV 12     Int 15      God:
Gold 23          SH  0     Dex 12      Spells:  1 memorised,  4 levels left

rFire  . . .     SeeInvis .     (no weapon)
rCold  . . .     Clarity  .     (no shield)
rNeg   . . .     Conserve .     (helmet restricted)
rPois  .         rCorr    .     (no amulet)
rElec  .         rRot     .     (no ring)
SustAb . .       Spirit   .     (no ring)
rMut   .         Warding  .     (no ring)
Saprov . . .     Stasis   .     (no ring)
MR     .....                    (no ring)
                                (no ring)
                                (no ring)
                                (no ring)

@: not resistant to hostile enchantments, fairly stealthy
A: almost no armour, amphibious, 8 rings, constrict 8, camouflage 1, gelatinous
body 1
a: no special abilities


You were on level 4 of the Dungeon.
You were not hungry.

You visited 1 branch of the dungeon, and saw 4 of its levels.

You collected 23 gold pieces.

Inventory:

Hand weapons
 b - a +0,+0 sling
Comestibles
 f - 2 bread rations
Potions
 e - a potion of curing
Books
 d - a book of Debilitation

   Spells                             Type                      Level
   *Corona                            Hexes                        1
   Slow                               Hexes                        2
   Inner Flame                        Hexes/Fire                   3
   Enslavement                        Hexes                        4
   Cause Fear                         Hexes                        4
   Leda's Liquefaction                Hexes/Earth                  4


   Skills:
 - Level 1.0 Fighting
 * Level 3.7 Slings
 - Level 2.0 Dodging
 + Level 1.0 Spellcasting
 + Level 3.4 Hexes


You had 4 spell levels left.
You knew the following spells:

 Your Spells              Type           Power        Failure   Level  Hunger
a - Corona                Hex            ##.....      8%          1    ##.....


Dungeon Overview and Level Annotations

Branches:
Dungeon (4/16)
 Temple: D:4-7

Altars:
Trog

Annotations:
D:4 temujin's ghost, average DgTm


Innate Abilities, Weirdness & Mutations

You cannot wear most types of armour.
You are amphibious.
You can wear up to eight rings at the same time.
You can use your tentacles to constrict many enemies at once.
Your skin changes colour to match your surroundings (Stlth).
Your rubbery body absorbs attacks (AC +1).


Message History

You hit the goliath beetle but do no damage.
You grab the goliath beetle.
You constrict the goliath beetle, but do no damage.
The goliath beetle closely misses you. Temujin's ghost hits you.
* * * LOW HITPOINT WARNING * * *
You hit temujin's ghost but do no damage.
You constrict the goliath beetle, but do no damage.
Temujin's ghost hits you.
* * * LOW HITPOINT WARNING * * *
You hit the goliath beetle but do no damage.
You squeeze the goliath beetle, but do no damage.
You constrict the goliath beetle, but do no damage.
The goliath beetle misses you.
Temujin's ghost shrieks, "You must not succeed where I failed!"
Temujin's ghost hits you.
* * * LOW HITPOINT WARNING * * *
You hit the goliath beetle but do no damage.
You constrict the goliath beetle, but do no damage.
Temujin's ghost hits you.
You die...

########
######
#....<.#
p..p.#
#.####.##
####.# #.#
#...#
#.######p#
#.#.#
#....p...#
#...#
##########
##p## #@#
#B# #.#
..# ..#
#.?# #..#
#..# ..#


You could see a goliath beetle and temujin's ghost.

Vanquished Creatures
  A hound (D:4)
  An adder (D:3)
  2 orcs (D:3)
  A giant cockroach (D:4)
  A hobgoblin (D:1)
  4 kobolds
  3 bats
  3 giant newts
  2 goblins
18 creatures vanquished.

Notes
Turn   | Place    | Note
--------------------------------------------------------------
     0 | D:1      | M4edhros, the Octopode Arcane Marksman, began the quest for the Orb.
     0 | D:1      | Reached XP level 1. HP: 13/13 MP: 2/2
    85 | D:1      | Reached XP level 2. HP: 13/18 MP: 3/3
   154 | D:2      | Noticed a moth of wrath
   156 | D:2      | Found a bloodstained altar of Trog.
   341 | D:4      | Noticed an ogre
   376 | D:4      | Reached XP level 3. HP: 5/23 MP: 4/4
   624 | D:3      | Reached XP level 4. HP: 28/28 MP: 5/5
   665 | D:4      | Noticed temujin's ghost (average DgTm)
   694 | D:4      | Slain by temujin's ghost

Action                   |  1- 3 |  4- 6 || total
-------------------------+-------+-------++-------
Melee: Unarmed           |     7 |     5 ||    12
 Fire: Sling             |    47 |       ||    47
 Cast: Corona            |     2 |       ||     2
  Use: Potion            |     1 |       ||     1
       Scroll            |       |     2 ||     2
